AoeStats
← 啊超

Arena

510333217Analyzed
4v4 RM · 13h ago on Sep 30, 2026· 33m 49s· 8 players
Game mode
Random Map
Map size
Large (8 player)
Population
200
Speed
Normal
Resources
Standard
Victory
Conquest
Starting age
Dark Age
Ending age
Imperial Age
RankedLock teamsTeams togetherTeam positionsShared explorationLock speedFull tech treeHidden civsTurbo modeCheats
Victory
Defeat
🇨🇦 Italians · Canada
1420
+8
🇫🇷 Teutons · France
1378
+10
🇫🇷 Slavs · France
1333
+11
🇫🇷 Goths · France
970
+25
🇨🇳 Turks · China
1264
-15
🇪🇸 Varangians · Spain
1259
-15
🇨🇳 Goths · China
1178
-12
🇨🇳 Magyars · China
1171
-12
啊超
10:55 Feudal Age
14:49 Castle Age
13:09 Double-Bit Axe
13:25 Horse Collar
15:12 Loom
29:54 Imperial Age
30:00 Fletching
30:11 Padded Archer Armor
31:27 Wheelbarrow
31:57 Chemistry
31:19 Ballistics
32:57 Bodkin Arrow
33:21 Leather Archer Armor
33:18 Forging
33:08 Scale Mail Armor
Flamenquin
9:10 Feudal Age
12:55 Castle Age
11:50 Double-Bit Axe
15:03 Horse Collar
21:07 Wheelbarrow
23:21 Bow Saw
25:43 Hand Cart
25:51 Scale Barding Armor
25:56 Forging
26:54 Bloodlines
27:07 Chain Barding Armor
26:50 Fletching
28:14 Murder Holes
32:34 Imperial Age
29:51 Town Watch
33:19 Iron Casting
32:45 Scale Mail Armor
32:37 Loom
32:53 Town Patrol
33:08 Husbandry
32:30 Light Cavalry
32:38 Cavalier
Gim
9:52 Feudal Age
14:01 Castle Age
12:28 Double-Bit Axe
17:44 Loom
24:07 Horse Collar
25:10 Wheelbarrow
28:40 Imperial Age
27:00 Fletching
27:32 Padded Archer Armor
27:55 Ballistics
27:45 Thumb Ring
28:30 Hand Cart
28:17 Bodkin Arrow
29:42 Bracer
30:45 Chemistry
29:58 Bloodlines
29:48 Husbandry
LY
0:30 Loom
10:54 Feudal Age
15:53 Castle Age
14:19 Stone Mining
14:37 Double-Bit Axe
15:15 Gold Mining
16:19 Loom
16:44 Town Watch
18:05 Fletching
33:49 Bow Saw
Balgrudor
8:50 Feudal Age
9:37 Double-Bit Axe
9:35 Horse Collar
15:23 Wheelbarrow
17:51 Gold Mining
19:31 Loom
23:50 Stone Mining
36:19 Castle Age
Petitbiscuit
10:14 Feudal Age
14:24 Castle Age
12:37 Double-Bit Axe
12:48 Horse Collar
13:50 Scale Mail Armor
14:01 Forging
14:00 Loom
15:39 Bow Saw
16:16 Gold Mining
16:52 Chain Mail Armor
17:16 Wheelbarrow
21:43 Iron Casting
21:58 Squires
23:04 Arson
23:31 Town Watch
27:08 Hand Cart
31:02 Imperial Age
29:36 Town Patrol
30:10 Heavy Plow
31:14 Elite Teutonic Knight
32:47 Plate Mail Armor
33:07 Conscription
123
8:12 Loom
11:45 Feudal Age
16:43 Castle Age
15:42 Double-Bit Axe
15:43 Horse Collar
18:07 Bow Saw
18:00 Heavy Plow
19:55 Scale Mail Armor
22:56 Wheelbarrow
23:41 Chain Mail Armor
23:37 Forging
26:16 Forging
30:56 Iron Casting
31:42 Town Watch
Kefko2112
11:45 Feudal Age
15:28 Castle Age
13:20 Double-Bit Axe
13:26 Gold Mining
13:16 Horse Collar
20:29 Imperial Age
19:04 Padded Archer Armor
21:27 Leather Archer Armor
22:36 Chemistry
22:55 Ring Archer Armor
28:11 Wheelbarrow
27:22 Town Watch
Connection lost

Rejoining the realm…

Still unreachable

The connection could not be restored.

Session expired

The server has moved on; the page needs a fresh start.